Map: Shrines of Lizul

Players

ILIEKEGGPIE

  • Race: Protoss Protoss
  • League: Platinum
  • Spawn Location: 12:00

werty

  • Race: Protoss Protoss
  • Spawn Location: 3:00

Sfigatto - Winner!

  • Race: Terran Terran
  • League: Silver
  • Spawn Location: 6:00

Vaidas - Winner!

  • Race: Terran Terran
  • Spawn Location: 9:00

VOD

Have the link to the VOD?

Description

Time

  • Played on: April 11, 2018, 11:27 a.m.
  • Length: 18:47
Show
View Real Time Build Order
Export as new Build Order

ILIEKEGGPIE Protoss 

Build Orders:  

Get SALT Encoding   

  12  0:01  Probe  
  13  0:13  Probe  
  14  0:20  Pylon  
  14  0:25  Probe (Chrono Boost)  
  15  0:38  Gateway  
  15  0:39  Probe (Chrono Boost)  
  16  0:53  Gateway  
  16  0:55  Assimilator  
  16  0:58  Probe  
  17  1:11  Probe (Chrono Boost)  
  18  1:23  Probe (Chrono Boost)  
  19  1:25  Cybernetics Core  
  19  1:28  Pylon  
  19  1:34  Probe  
  19  1:35  Assimilator  
  20  1:46  Probe  
  21  1:58  Probe  
  21  2:01  Adept (Chrono Boost)  
  22  2:03  Warp Gate  
  26  2:09  Adept (Chrono Boost)  
  26  2:19  Adept  
  26  2:22  Pylon  
  28  2:36  Adept  
  30  2:45  Gateway x2  
  30  2:55  Adept (Chrono Boost)  
  34  3:20  Adept (Chrono Boost)  
  34  3:22  Adept (Chrono Boost)  
  36  3:40  Nexus  
  36  3:42  Pylon  
  36  4:28  Stalker x4  
  42  5:05  Stalker  
  42  5:06  Stalker x3  
  44  5:10  Probe (Chrono Boost)  
  41  5:15  Robotics Facility  
  41  5:16  Probe (Chrono Boost)  
  43  5:26  Probe (Chrono Boost)  
  43  5:33  Probe (Chrono Boost)  
  44  5:44  Probe (Chrono Boost)  
  44  5:46  Stalker x2  
  48  5:51  Probe (Chrono Boost)  
  48  5:53  Probe (Chrono Boost)  
  49  5:58  Probe x2 (Chrono Boost)  
  51  6:05  Robotics Bay  
  51  6:09  Probe  
  51  6:10  Probe  
  53  6:21  Probe  
  53  6:22  Probe  
  55  6:32  Immortal  
  59  6:36  Probe (Chrono Boost)  
  59  6:38  Probe (Chrono Boost)  
  59  6:39  Gateway  
  61  6:45  Probe (Chrono Boost)  
  62  6:50  Pylon  
  62  6:55  Pylon  
  63  7:08  Probe  
  63  7:11  Colossus  
  63  7:13  Assimilator  
  69  7:15  Assimilator  
  69  7:34  Extended Thermal Lance (Chrono Boost)  
  69  7:40  Sentry x3  
  69  7:41  Zealot  
  77  7:51  Pylon  
  77  7:52  Pylon  
  77  8:08  Colossus (Chrono Boost)  
  83  8:26  Robotics Facility  
  83  8:29  Stalker x4  
  83  8:33  Nexus  
  91  8:35  Pylon  
  91  8:37  Pylon  
  91  8:49  Twilight Council  
  91  8:57  Forge  
  91  8:59  Forge  
  91  9:16  Colossus (Chrono Boost)  
  97  9:39  Colossus (Chrono Boost), Protoss Ground Weapons Level 1 (Chrono Boost)  
  97  9:40  Protoss Ground Armor Level 1 (Chrono Boost)  
  99  10:08  Colossus (Chrono Boost)  
  105  10:19  Blink (Chrono Boost)  
  105  10:21  Colossus (Chrono Boost)  
  111  10:37  Gateway  
  111  10:40  Gateway  
  111  10:42  Gateway  
  111  10:43  Gateway  
  111  10:46  Assimilator  
  111  10:48  Assimilator  
  111  11:22  Stalker x4  
  111  11:23  Stalker  
  121  11:42  Pylon  
  121  11:46  Pylon  
  121  11:47  Pylon  
  121  11:48  Protoss Ground Weapons Level 2 (Chrono Boost)  
  121  12:00  Protoss Ground Armor Level 2 (Chrono Boost)  
  121  12:05  Charge  
  121  12:25  Pylon x2  
  121  12:26  Warp Prism x2  
  121  12:27  Pylon  
  121  12:29  Pylon  
  125  12:30  Dark Shrine  
  127  13:11  Immortal (Chrono Boost)  
  127  13:15  Immortal (Chrono Boost)  
  133  13:20  Gateway  
  133  13:21  Gateway  
  133  13:24  Zealot x4  
  133  13:25  Gateway, Zealot  
  133  13:26  Adept x2  
  133  13:27  Adept, Gateway  
  149  13:28  Gateway  
  137  13:51  Dark Templar x2  
  137  13:52  Dark Templar x2  
  137  13:55  Dark Templar x4  
  65  14:40  Pylon  
  65  14:42  Pylon  
  65  14:43  Stalker x3  
  65  14:44  Stalker x6  
  69  15:14  Stalker x3  
  69  15:15  Stalker x4  
  69  15:16  Stalker x3  
  81  15:49  Protoss Ground Weapons Level 3 (Chrono Boost), Protoss Ground Armor Level 3 (Chrono Boost)  
  79  15:58  Colossus  
  83  16:32  Colossus  
  83  16:34  Stalker x2  
  83  16:35  Zealot x2  
  83  16:36  Zealot x4  
  83  16:37  Zealot x2  
  103  17:02  Dark Templar x2  
  57  17:37  Stalker x4  
  57  17:38  Stalker x4  
  65  18:05  Stalker x3  
  67  18:06  Stalker x2  
  67  18:26  Stalker x4  
  69  18:36  Shield Battery  
Show
View Real Time Build Order
Export as new Build Order

werty Protoss 

Build Orders:  

Get SALT Encoding   

  12  0:05  Probe  
  13  0:32  Pylon  
  13  0:52  Gateway  
  13  0:55  Probe  
  14  1:03  Pylon  
  14  1:08  Probe  
  15  1:15  Assimilator  
  15  1:20  Probe  
  16  1:29  Forge  
  16  1:32  Probe  
  17  1:38  Pylon  
  17  1:44  Probe  
  18  1:56  Probe  
  18  1:58  Cybernetics Core  
  19  2:08  Probe  
  20  2:17  Photon Cannon  
  20  2:20  Probe  
  21  2:25  Photon Cannon  
  21  2:32  Zealot  
  23  2:46  Pylon  
  23  2:52  Pylon  
  23  2:59  Zealot  
  25  3:17  Probe  
  26  3:26  Zealot  
  28  3:29  Probe, Pylon, Assimilator  
  29  3:43  Protoss Ground Weapons Level 1  
  29  3:53  Zealot  
  31  4:14  Nexus  
  31  4:21  Adept  
  33  4:36  Probe  
  34  4:44  Assimilator  
  34  4:47  Assimilator  
  34  4:48  Adept  
  36  5:15  Adept  
  38  5:21  Protoss Air Armor Level 1  
  38  5:35  Probe  
  39  5:37  Protoss Ground Armor Level 1  
  39  5:42  Adept  
  41  5:47  Probe  
  42  5:59  Probe  
  43  6:09  Adept  
  45  6:11  Probe  
  42  6:24  Probe  
  43  6:36  Adept, Probe  
  46  6:48  Probe  
  47  7:00  Probe  
  48  7:12  Probe, Sentry  
  51  7:16  Warp Gate  
  51  7:24  Probe  
  52  7:38  Sentry  
  54  7:45  Probe, Gateway  
  55  7:54  Twilight Council  
  55  7:57  Probe  
  56  8:05  Sentry  
  58  8:09  Probe  
  59  8:21  Probe  
  60  8:31  Sentry  
  60  8:33  Probe  
  63  8:37  Charge  
  63  8:43  Zealot  
  63  8:45  Probe  
  66  8:57  Probe, Stalker  
  69  9:10  Zealot  
  71  9:27  Stalker  
  73  9:37  Zealot  
  75  9:57  Stalker  
  77  10:17  Blink  
  77  10:31  Protoss Ground Weapons Level 2  
  77  10:44  Pylon  
  77  10:46  Pylon  
  77  10:50  Pylon  
  77  10:54  Pylon  
  77  11:02  Stalker, Zealot  
  81  11:29  Zealot  
  81  11:46  Probe  
  82  11:56  Zealot  
  84  12:18  Resonating Glaives  
  84  12:23  Zealot  
  86  12:31  Robotics Facility  
  86  12:39  Stargate  
  86  12:47  Protoss Ground Armor Level 2  
  86  13:09  Protoss Air Weapons Level 1  
  86  13:38  Void Ray  
  90  14:03  Pylon  
  90  14:04  Pylon  
  90  14:05  Pylon x2  
  90  14:21  Void Ray  
  50  14:45  Immortal  
  50  15:03  Adept, Protoss Ground Weapons Level 3, Void Ray  
  56  15:24  Immortal  
  62  15:46  Void Ray  
  62  15:49  Stalker  
  66  16:03  Immortal  
  70  16:05  Pylon  
  70  16:06  Pylon x2  
  61  16:19  Stalker  
  55  16:26  Stalker  
  55  16:32  Oracle  
  60  16:42  Warp Prism  
  62  16:49  Stalker  
  64  16:56  Stalker  
  66  17:09  Oracle  
  69  17:18  Warp Prism  
  69  17:19  Stalker  
  73  17:26  Stalker  
  45  17:49  Stalker  
  46  17:56  Stalker  
Show
View Real Time Build Order
Export as new Build Order

Sfigatto Terran - Winner!

Build Orders:  

Get SALT Encoding   

  12  0:02  SCV  
  14  0:14  SCV  
  14  0:26  SCV  
  14  0:28  Supply Depot  
  15  0:49  SCV  
  16  0:52  Barracks  
  16  1:01  SCV  
  17  1:07  Refinery  
  17  1:14  SCV  
  18  1:26  SCV, Barracks  
  19  1:38  SCV  
  19  1:39  Supply Depot  
  20  1:42  Marine  
  21  1:50  SCV  
  22  1:59  Marine  
  23  2:02  SCV  
  24  2:14  SCV  
  24  2:15  Marine  
  26  2:17  Marine  
  26  2:18  Factory  
  27  2:29  Refinery  
  27  2:33  Marine  
  27  2:35  Marine  
  27  2:36  Supply Depot  
  29  2:49  Orbital Command  
  29  2:51  Marine  
  30  2:53  Marine  
  31  3:08  Marine  
  31  3:11  Marine  
  33  3:24  Starport  
  33  3:25  Factory Tech Lab  
  33  3:26  Marine  
  34  3:29  Marine  
  34  3:30  Supply Depot  
  35  3:44  Marine  
  35  3:46  Marine  
  37  4:02  Marine  
  38  4:04  Marine  
  39  4:10  Medivac  
  41  4:20  Marine  
  41  4:22  Marine  
  43  4:37  Marine  
  44  4:40  Marine, Medivac  
  47  4:55  Marine  
  47  4:58  Marine  
  35  5:58  Marine x2  
  35  6:00  Command Center  
  36  6:12  Armory  
  36  6:16  Marine x2  
  37  6:31  Siege Tank  
  40  6:34  Starport Tech Lab, Marine x2  
  42  6:43  Barracks  
  42  6:51  Marine  
  42  6:52  Marine  
  44  6:55  Medivac  
  46  7:03  Siege Tank  
  49  7:09  Marine  
  51  7:24  Barracks Reactor  
  51  7:25  Medivac  
  51  7:28  Barracks Tech Lab  
  52  7:33  Barracks Reactor  
  52  8:01  SCV  
  53  8:10  Marine x3  
  53  8:11  Marine x2  
  53  8:12  Supply Depot  
  58  8:13  Refinery  
  58  8:14  SCV  
  58  8:16  Stimpack  
  59  8:24  Thor  
  59  8:26  SCV  
  66  8:28  Marine x4  
  66  8:32  Refinery  
  66  8:33  Marine  
  71  8:35  Supply Depot  
  71  8:38  SCV  
  72  8:46  Marine x4  
  76  8:50  SCV  
  76  8:51  Marine  
  78  8:58  Supply Depot  
  78  9:02  SCV  
  79  9:04  Marine x4  
  79  9:07  Thor  
  79  9:09  Marine  
  90  9:12  Medivac  
  90  9:14  SCV  
  93  9:21  Marine  
  93  9:22  Marine x3  
  97  9:26  SCV  
  97  9:27  Marine  
  99  9:31  Engineering Bay  
  99  9:38  SCV  
  99  9:39  Marine x2  
  99  9:40  Marine x2  
  99  9:45  Marine  
  105  9:57  Marine x4  
  109  10:00  Supply Depot  
  109  10:02  Marine  
  110  10:16  Combat Shield  
  110  10:22  Marine x5  
  110  10:23  Supply Depot  
  115  10:28  Thor  
  121  10:36  Viking  
  121  10:39  Marine x3  
  126  10:44  Marine x2  
  126  10:46  Supply Depot  
  128  10:57  Marine x3  
  128  11:02  Marine x2  
  133  11:08  Supply Depot  
  133  11:15  Marine x2  
  135  11:42  Marine x2  
  135  11:43  Marine x3  
  140  11:48  Viking  
  142  12:00  Marine x4  
  142  12:01  Marine  
  147  12:04  Terran Vehicle Weapons Level 1  
  147  12:18  Supply Depot, Marine x3  
  150  12:39  Marine x5  
  150  12:40  Viking  
  150  12:41  Supply Depot  
  157  12:57  Marine  
  158  13:02  Marine  
  159  13:06  Supply Depot  
  159  13:10  Viking  
  161  13:20  Siege Tank, Marine  
  165  13:39  Viking  
  167  13:52  Siege Tank  
  170  14:02  Sensor Tower  
  170  14:09  Viking  
  78  14:39  Viking  
  68  15:08  Marine x3  
  68  15:09  Marine x2  
  73  15:26  Marine x3  
  73  15:27  Marine x2  
  78  15:30  Missile Turret  
  78  15:44  Marine x5  
  78  15:47  Missile Turret  
  78  15:48  Raven  
  85  16:02  Marine x5  
  90  16:08  Thor  
  90  16:10  Missile Turret  
  96  16:19  Marine  
  96  16:20  Marine x4  
  101  16:31  Medivac  
  103  16:37  Marine x3  
  103  16:38  Marine x2  
  108  16:51  Thor  
  114  16:56  Marine  
  115  17:01  Medivac  
  117  17:12  Marine x4  
  117  17:14  Marine  
  122  17:29  Marine x2  
  122  17:30  Marine x2  
  122  17:31  Marine, Viking  
  122  17:34  Thor  
  130  17:47  Marine x3  
  130  17:48  Marine  
  130  17:49  Marine  
  135  18:01  Viking  
Show
View Real Time Build Order
Export as new Build Order

Vaidas Terran - Winner!

Build Orders: Command Center First (CC) 

Get SALT Encoding   

  12  0:00  SCV  
  13  0:12  SCV  
  14  0:19  Supply Depot  
  14  0:24  SCV  
  15  0:40  SCV  
  16  0:55  SCV  
  17  1:03  Command Center  
  17  1:12  SCV  
  18  1:19  Barracks  
  18  1:28  SCV  
  19  1:36  Refinery  
  19  1:38  Refinery  
  19  1:54  SCV  
  20  2:07  SCV  
  20  2:08  Refinery  
  21  2:19  SCV  
  21  2:21  Orbital Command  
  22  2:26  Factory  
  22  2:28  Marine  
  23  2:31  SCV  
  24  2:43  SCV  
  25  2:47  SCV  
  26  2:55  SCV, Marine  
  25  3:13  Marine  
  25  3:17  SCV  
  27  3:27  Supply Depot  
  27  3:28  SCV  
  27  3:29  SCV  
  27  3:31  Marine  
  30  3:40  SCV  
  30  3:41  SCV  
  32  3:43  Starport  
  32  3:52  SCV  
  32  3:54  Barracks Reactor, Factory Tech Lab  
  33  3:57  SCV  
  34  4:04  SCV  
  33  4:13  Siege Tank  
  30  4:46  Marine x2  
  30  4:48  Siege Tank  
  34  5:03  Marine  
  34  5:04  Marine  
  36  5:20  Siege Tank  
  39  5:21  Marine x2  
  41  5:33  Starport Tech Lab  
  41  5:41  Refinery  
  40  5:52  Siege Tank  
  40  5:57  Marine x2  
  45  6:05  Orbital Command  
  45  6:12  Command Center  
  45  6:35  Siege Tank, Supply Depot  
  48  6:42  Marine x2  
  48  6:46  Refinery  
  50  6:49  SCV x2  
  52  7:00  Marine x2  
  55  7:01  SCV  
  55  7:02  Refinery  
  55  7:05  Starport  
  55  7:07  Starport  
  55  7:18  Marine x2  
  57  7:26  Orbital Command  
  57  7:29  Starport  
  57  7:36  Marine x2  
  59  7:41  SCV x2  
  61  7:47  Starport Tech Lab  
  61  7:48  Starport Tech Lab  
  61  7:51  Supply Depot  
  61  7:53  SCV x2  
  61  7:58  Marine x2  
  63  7:59  Fusion Core  
  63  8:00  Siege Tank  
  68  8:15  SCV x3  
  68  8:16  Marine x2  
  73  8:27  SCV  
  73  8:28  Starport Tech Lab  
  73  8:32  Widow Mine  
  73  8:34  Marine x2  
  76  8:39  SCV  
  79  8:52  Marine x2  
  79  8:53  Supply Depot, SCV  
  79  8:54  Widow Mine, Barracks  
  84  9:06  Battlecruiser  
  84  9:08  SCV  
  84  9:09  SCV x2  
  93  9:15  Widow Mine, Battlecruiser  
  101  9:28  Supply Depot  
  101  9:29  SCV x2, Battlecruiser  
  109  9:33  Command Center  
  109  9:38  Marine  
  109  9:43  Supply Depot  
  109  9:47  Barracks Tech Lab  
  109  9:49  Marine  
  109  9:50  Siege Tank  
  113  9:55  Marine  
  114  10:06  Supply Depot  
  114  10:07  Marine  
  117  10:14  Battlecruiser  
  117  10:17  Supply Depot  
  117  10:19  Battlecruiser  
  123  10:22  Widow Mine  
  123  10:24  Armory  
  123  10:28  SCV x3  
  128  10:40  SCV x2  
  130  10:44  Widow Mine  
  130  10:45  Armory  
  133  10:50  SCV  
  133  10:52  SCV x2  
  133  10:55  Battlecruiser  
  141  11:02  SCV  
  141  11:03  Stimpack  
  142  11:05  Marine x2  
  142  11:06  Marauder  
  146  11:21  Widow Mine  
  148  11:29  Battlecruiser  
  154  11:33  Terran Vehicle Weapons Level 1  
  154  11:40  Terran Vehicle And Ship Armor Level 1  
  154  11:43  Widow Mine  
  154  11:46  SCV  
  157  12:18  Command Center  
  157  12:19  Widow Mine, SCV x3  
  157  12:20  Supply Depot  
  162  12:24  Marine  
  162  12:25  Marauder  
  165  12:42  SCV, Marine, Battlecruiser  
  165  12:43  Supply Depot  
  173  12:48  SCV, Battlecruiser  
  180  13:02  Siege Tank  
  180  13:03  Combat Shield  
  180  13:05  Battlecruiser  
  185  13:06  Supply Depot  
  185  13:17  Weapon Refit  
  185  13:34  Siege Tank  
  138  14:30  Battlecruiser x3  
  143  14:34  Marauder, Marine x2  
  147  14:52  Marine x2  
  147  14:56  Marauder  
  133  15:09  Marine  
  133  15:10  Marine  
  131  15:17  Marine  
  123  15:34  Battlecruiser x3  
  125  16:28  SCV x3  
  104  16:32  Refinery  
  104  16:38  Battlecruiser x2  
  116  16:40  SCV x2  
Tags
 
Add a new tag
Caveats
  • Supply blocks, unpowered buildings, or Contaminate may cause inaccurate times.
  • Supply counts are checked every 10 seconds.